 Dungeon Crawl Stone Soup version 0.29.1-2-gbd0b4ee654 (webtiles) character file.

Game seed: 16908465179395840998

109 qeuew the Trooper (level 4, -1/37 HPs)
             Began as a Demonspawn Abyssal Knight on Nov 2, 2022.
             Was an Elder of Lugonu.
             Slain by a gnoll
             ... wielding a +0 halberd
              (8 damage)
             ... on level 3 of the Dungeon.
             The game lasted 00:03:17 (2286 turns).

qeuew the Trooper (Demonspawn Abyssal Knight)       Turns: 2286, Time: 00:03:18

Health: -1/37      AC:  5    Str: 13    XL:     4   Next: 59%
Magic:  5/5        EV: 11    Int: 11    God:    Lugonu [****..]
Gold:   247        SH:  0    Dex: 16    Spells: 3/3 levels left

rFire   + . .      SeeInvis .   a - +1 falchion
rCold   . . .      Faith    .   (no shield)
rNeg    . . .      Spirit   .   b - +0 leather armour
rPois   .          Reflect  .   (no helmet)
rElec   .          Harm     .   (no cloak)
rCorr   .          Rampage  .   (no gloves)
Will    .....                   (no boots)
Stlth   +.........              (no amulet)
HPRegen 0.12/turn               c - ring of protection from fire
MPRegen 0.09/turn               (no ring)

@: studying Maces & Flails
A: claws 1, molten scales 1, spiny 1
a: Renounce Religion, Depart the Abyss, Bend Space, Banish, Corrupt


You were on level 3 of the Dungeon.
You worshipped Lugonu.
Lugonu was greatly pleased with you.
You visited 1 branch of the dungeon, and saw 3 of its levels.
You visited the Abyss 1 time.

You collected 247 gold pieces.

Inventory:

Hand Weapons
 a - a +1 falchion (weapon)
Armour
 b - a +0 leather armour (worn)
Jewellery
 c - a ring of protection from fire (left claw)


   Skills:
 + Level 3.9 Fighting
 + Level 2.9 Long Blades
 * Level 2.5 Armour
 + Level 1.4 Dodging
 + Level 2.6 Invocations


You had 3 spell levels left.
You didn't know any spells.
Your spell library contained the following spells:

 Spells                   Type           Power      Damage    Failure   Level
 Call Canine Familiar     Summ           0%         N/A       80%         3
 Portal Projectile        Hex/Tloc       0%         N/A       80%         3
 Leda's Liquefaction      Hex/Erth       0%         N/A       99%         4


Dungeon Overview and Level Annotations

Branches:
Dungeon (3/15)

Altars:


Innate Abilities, Weirdness & Mutations

You have sharp fingernails.
You are partially covered in molten scales. (AC +2)
You are partially covered in sharp spines.


Message History

The gnoll shouts!
Your claw misses the gnoll.
You hear a shout!
The gnoll barely misses you.
You completely miss the gnoll. The gnoll barely misses you.
The gnoll completely misses you.
You completely miss the gnoll. The gnoll is struck by your spines.
The gnoll barely misses you.
The gnoll hits you from afar with a +0 halberd.
The gnoll hits you with a +0 whip. The gnoll closely misses you.
You hit the gnoll.
The gnoll is heavily wounded.
The gnoll is struck by your spines. The gnoll barely misses you.
The gnoll hits you from afar with a +0 halberd!
You are too injured to fight recklessly!
You are too injured to fight recklessly!
You are too injured to fight recklessly!
There are monsters nearby!
You are too injured to fight recklessly!
You are too injured to fight recklessly!
You hit the gnoll.
The gnoll is severely wounded.
The gnoll hits you but does no damage. The gnoll closely misses you.
You barely miss the gnoll.
The gnoll is severely wounded.
The gnoll hits you with a +0 whip. The gnoll hits you but does no damage.
You hit the gnoll.
The gnoll is almost dead.
The gnoll is struck by your spines.
You kill the gnoll!
Lugonu accepts your kill.
You can now corrupt the fabric of space.
The gnoll hits you from afar with a +0 halberd!
* * * LOW HITPOINT WARNING * * *
Found Piajouri's Omnibus of the Viperous Welkin.
The gnoll barely misses you.
You hit the gnoll.
The gnoll is lightly wounded.
The gnoll is struck by your spines. The gnoll hits you with a +0 halberd!
You die...

##.###.#
#.
#.###.#
#.
#.....#
##
#.##### #
#####.# #
..##.# #
#.##.# #
####)##.#
#
#gg@....#
#
#.##.####
## :. #.#
#. ...
..# #.
#.# ####
#. # #.
#. #. ##


You could see 2 gnolls.

Vanquished Creatures
  2 adders (D:2)
  A gnoll (D:3)
  A dart slug (D:2)
  6 ball pythons
  9 bats
  3 endoplasms
  4 giant cockroaches
  10 hobgoblins
  7 kobolds
  4 frilled lizards
  18 goblins
  6 rats
71 creatures vanquished.

Notes
Turn   | Place    | Note
-------+----------+-------------------------------------------
     0 | Abyss:1  | qeuew the Demonspawn Abyssal Knight began the quest for the
                  | Orb.
     0 | Abyss:1  | Reached XP level 1. HP: 18/18 MP: 2/2
     1 | D:1      | Escaped the Abyss
   163 | D:1      | Gained mutation: You are partially covered in sharp spines.
                  | [demonic ancestry]
   163 | D:1      | Reached XP level 2. HP: 22/24 MP: 3/3
   502 | D:1      | Found a faded altar of an unknown god.
   506 | D:1      | Reached *** piety under Lugonu
   514 | D:1      | Reached skill level 1 in Dodging
   523 | D:1      | Gained mutation: You have sharp fingernails. [demonic
                  | ancestry]
   523 | D:1      | Reached XP level 3. HP: 26/30 MP: 4/4
  1295 | D:2      | Gained mutation: You are partially covered in molten
                  | scales. (AC +2) [demonic ancestry]
  1295 | D:2      | Reached XP level 4. HP: 37/37 MP: 5/5
  2284 | D:3      | Reached **** piety under Lugonu
  2286 | D:3      | Slain by a gnoll

Illustrated notes

Levels and vault maps discovered:
D:1:      dpeg_arrival_arbitrary_b, layout_loops_ring,
          ebering_ecumenical_altar_mist, minmay_misc_feat_rugged,
          kennysheep_minor_cross, minmay_quantized
D:2:      cheibrodos_greedy_goblins, layout_basic
D:3:      layout_loops_corners

Skill      XL: |  1  2  3 |
---------------+----------+-----
Armour         | 2 |  2.5
Dodging        | 1 |  1.4
Long Blades    | 2 |  2.9
Fighting       | |  3.9
Invocations    | |  2.6

Action                   |  1- 3 |  4- 6 || total
-------------------------+-------+-------++-------
Melee: Falchion          |    73 |    47 ||   120
       Punch             |     1 |       ||     1
  Use: Scroll            |     3 |     1 ||     4
       Potion            |     1 |       ||     1
 Stab: Sleeping          |       |     2 ||     2
Armor: Leather armour    |    19 |    13 ||    32
Dodge: Dodged            |    35 |    33 ||    68
